AoeStats
← Hackett Geert Kasch

Fortress

507629339Analyzed
2v2 RM · 12d ago on Sep 19, 2026· 40m 12s· 4 players
Game mode
Random Map
Map size
Normal (6 player)
Population
200
Speed
Normal
Resources
Standard
Victory
Conquest
Starting age
Dark Age
Ending age
Imperial Age
RankedLock teamsTeams togetherTeam positionsShared explorationLock speedFull tech treeHidden civsTurbo modeCheats
Victory
Defeat
🇲🇽 Spanish · Mexico
1055
+18
🇳🇿 Malians · New Zealand
997
+20
🇨🇴 Italians · Colombia
1121
-21
🇨🇴 Wei · Colombia
1051
-17
Hackett Geert Kasch
0:27 Loom
6:28 Feudal Age
7:44 Wheelbarrow
6:52 Horse Collar
6:58 Double-Bit Axe
7:14 Gold Mining
15:02 Castle Age
13:14 Fletching
13:58 Scale Barding Armor
16:13 Bow Saw
16:31 Bodkin Arrow
16:59 Heavy Plow
20:32 Chain Barding Armor
20:20 Thumb Ring
21:57 Hand Cart
22:06 Forging
26:31 Stone Mining
31:09 Imperial Age
28:26 Town Watch
30:03 Iron Casting
30:01 Ballistics
29:53 Masonry
29:54 Fortified Wall
31:21 Husbandry
31:34 Bloodlines
31:13 Light Cavalry
32:17 Conscription
31:29 Pikeman
32:09 Squires
33:11 Blast Furnace
32:12 Scale Mail Armor
32:19 Arson
33:26 Conscription
33:54 Elite Skirmisher
36:12 Plate Barding Armor
35:53 Chain Mail Armor
35:38 Padded Archer Armor
37:38 Bracer
37:00 Cavalier
38:53 Leather Archer Armor
39:09 Plate Mail Armor
40:29 Two-Man Saw
Nekminz
3:40 Loom
9:36 Feudal Age
10:37 Horse Collar
10:49 Double-Bit Axe
14:46 Castle Age
14:49 Scale Mail Armor
14:47 Arson
14:26 Man-at-Arms
15:21 Forging
16:10 Bow Saw
16:04 Heavy Plow
17:52 Wheelbarrow
17:41 Squires
18:24 Iron Casting
18:11 Town Watch
19:17 Chain Mail Armor
20:30 Long Swordsman
22:37 Hand Cart
28:56 Imperial Age
29:29 Onager
29:41 Two-Handed Swordsman
32:06 Champion
34:02 Conscription
35:21 Capped Ram
PielArrugadayAjada
6:01 Loom
8:32 Feudal Age
13:27 Castle Age
12:23 Double-Bit Axe
12:28 Horse Collar
16:18 Husbandry
16:29 Bloodlines
17:21 Wheelbarrow
21:05 Forging
22:18 Elite Skirmisher
23:17 Scale Barding Armor
25:33 Padded Archer Armor
25:23 Fletching
25:54 Town Watch
26:29 Leather Archer Armor
27:35 Town Patrol
28:52 Thumb Ring
28:45 Bodkin Arrow
30:06 Hand Cart
35:06 Imperial Age
35:24 Heavy Hei Guang Cavalry
MikeeM94
7:30 Feudal Age
6:32 Loom
11:46 Castle Age
9:54 Double-Bit Axe
10:40 Stone Mining
11:15 Fletching
12:20 Gold Mining
13:02 Padded Archer Armor
16:34 Ballistics
18:29 Horse Collar
23:03 Bodkin Arrow
24:43 Thumb Ring
31:12 Imperial Age
29:23 Wheelbarrow
30:56 Leather Archer Armor
35:34 Chemistry
35:31 Conscription
Connection lost

Rejoining the realm…

Still unreachable

The connection could not be restored.

Session expired

The server has moved on; the page needs a fresh start.